 Dungeon Crawl Stone Soup version 0.30.0-10-gfe55d96785 (webtiles) character file.

Game seed: 70988185581794875

19309 Monkooky the Grappler (level 12, -6/100 HPs)
             Began as an Armataur Monk on May 13, 2023.
             Was a High Priest of Okawaru.
             Shot with an arrow by a centaur warrior (19 damage)
             ... on level 10 of the Dungeon.
             The game lasted 00:33:53 (13707 turns).

Monkooky the Grappler (Armataur Monk)              Turns: 13707, Time: 00:33:53

Health: -6/100     AC: 13    Str: 23    XL:     12   Next: 35%
Magic:  17/17      EV: 10    Int: 13    God:    Okawaru [*****.]
Gold:   1139       SH:  0    Dex: 18    Spells: 9/11 levels left

rFire   + .          .
                       - Unarmed
rCold   . . .        d - orb {light}
rNeg    . . .        p - +0 acid dragon scales
rPois   +            s - +2 helmet
rElec   +            (no cloak)
rCorr   +            X - +1 pair of gloves
SInv    .            (no barding)
Will    .....        S - amulet of regeneration
Stlth   +            h - +6 ring of dexterity
HPRegen 1.16/turn    c - ring "Deitel" {rElec rPois rF+ Str+5 Dex-2}
MPRegen 0.15/turn

%: roll
@: glowing
A: large, rugged brown scales 3, deformed body, armoured tail, roll, long
tongue, awkward tongue
a: Renounce Religion, Heroism, Finesse, Duel


You were on level 10 of the Dungeon.
You worshipped Okawaru.
Okawaru was extremely pleased with you.
You visited 1 branch of the dungeon, and saw 10 of its levels.
You also visited: Ossuary and Bailey.

You collected 1139 gold pieces.

Inventory:

Hand Weapons
 t - a +0 flail
Missiles
 B - 10 poisoned darts
 C - 3 boomerangs
 J - 3 javelins
 L - 3 throwing nets
 N - 3 silver javelins
 T - 3 curare-tipped darts (quivered)
 W - an atropa-tipped dart
Armour
 d - an orb of light (worn)
 p - +0 acid dragon scales (worn)
 s - a +2 helmet (worn)
 u - the +0 robe of Modesty {Str+2 Int+3}
   (You found it on level 3 of the Dungeon)

   Str:       It affects your strength (+2).
   Int:       It affects your intelligence (+3).
 v - a +0 pair of gloves
 x - a +2 robe of willpower
 y - a +0 ring mail
 X - a +1 pair of gloves (worn)
Jewellery
 c - the ring "Deitel" (right hand) {rElec rPois rF+ Str+5 Dex-2}
   (You acquired it on level 8 of the Dungeon)

   [ring of protection from fire]

   Str:       It affects your strength (+5).
   Dex:       It affects your dexterity (-2).
   rF:        It protects you from fire.
   rElec:     It insulates you from electricity.
   rPois:     It protects you from poison.
 h - a +6 ring of dexterity (left hand)
 z - a ring of ice
 G - a ring of resist corrosion
 S - an amulet of regeneration (around neck)
 U - a +4 ring of slaying
Wands
 K - a wand of iceblast (6)
 P - a wand of digging (7)
 V - a wand of flame (5)
 Y - a wand of polymorph (5)
Scrolls
 a - 2 scrolls of magic mapping {unknown}
 b - a scroll of poison {unknown}
 e - 2 scrolls of noise {unknown}
 j - 2 scrolls of fog {unknown}
 k - 4 scrolls of brand weapon {unknown}
 o - 2 scrolls of fear
 E - 2 scrolls of vulnerability {unknown}
 F - 10 scrolls of teleportation {unknown}
 H - a scroll of butterflies {unknown}
 I - a scroll of torment
 M - a scroll of immolation
 O - a scroll of amnesia
 Q - 4 scrolls of blinking {unknown}
Potions
 g - 3 potions of flight
 i - 2 potions of lignification
 l - 2 potions of might {unknown}
 m - 3 potions of attraction {unknown}
 n - a potion of brilliance
 q - a potion of cancellation
 r - 8 potions of curing
 w - 2 potions of resistance
 A - 4 potions of haste
 D - 3 potions of mutation
Miscellaneous
 R - a condenser vane (inert)


   Skills:
 - Level 5.5 Fighting
 - Level 3.9 Maces & Flails
 - Level 5.5 Throwing
 - Level 7.0 Armour
 - Level 2.3 Dodging
 - Level 13.0 Unarmed Combat
 - Level 7.5 Invocations
 * Level 7.3 Evocations


You had 9 spell levels left.
You knew the following spells:

 Your Spells              Type           Power      Damage    Failure   Level
a - Passwall              Tmut/Erth      0%         N/A       50%         2

Your spell library contained the following spells:

 Spells                   Type           Power      Damage    Failure   Level
 Apportation              Tloc           0%         N/A       36%         1
 Beastly Appendage        Tmut           0%         N/A       36%         1
 Necrotise                Necr           0%         1d4       36%         1
 Sandblast                Erth           0%         2d4       36%         1
 Static Discharge         Conj/Air       0%         2-2/arc   50%         2
 Sublimation of Blood     Necr           0%         N/A       50%         2
 Wereblood                Tmut           0%         N/A       50%         2
 Dazzling Flash           Conj/Hex       0%         N/A       75%         3
 Gell's Gravitas          Tloc           0%         N/A       75%         3
 Spider Form              Tmut/Pois      0%         N/A       75%         3
 Stone Arrow              Conj/Erth      0%         3d7       75%         3
 Vampiric Draining        Necr           0%         2d6       75%         3
 Airstrike                Air            0%         2d(0-16)  98%         4
 Passage of Golubria      Tloc           0%         N/A       98%         4
 Petrify                  Tmut/Erth      0%         N/A       98%         4
 Agony                    Necr           0%         N/A       100%        5
 Alistair's Intoxication  Tmut/Pois      0%         N/A       100%        5
 Irradiate                Conj/Tmut      0%         3d11      100%        5
 Silence                  Hex/Air        0%         N/A       100%        5
 Starburst                Conj/Fire      0%         6d3       100%        6
 Summon Lightning Spire   Summ/Air       Unusable   N/A       N/A         4
 Summon Forest            Summ/Tloc      Unusable   N/A       N/A         5

Dungeon Overview and Level Annotations

Branches:
Dungeon (10/15)            Temple (0/1) D:7             Orc (0/2) D:10
Ossuary (visited)          Bailey (visited)
   Lair: D:8-11

Altars:
Ashenzari
Cheibriados
Dithmenos
Gozag
Makhleb
Okawaru
Qazlal
Sif Muna
Uskayaw
Vehumet
Zin
The Shining One

Shops:
D:1 :   D:9 [


Innate Abilities, Weirdness & Mutations

You are completely covered in rugged brown scales. (AC +3, +7% HP)
Armour fits poorly on your strangely shaped body.
You have a long armoured tail.
You roll when moving toward enemies. (Rampage)
Your long tongue fully drains potion bottles. (2x potion effects)
Your tongue gives you trouble enunciating. (1.5x scroll delay)


Message History

There is an open door here.
There is a fountain of clear blue water here.
Things that are here:
a +0 robe; a +0 dagger
There is an open door, spattered with blood here.
Found a stone staircase leading up.
V - a wand of flame (5)
Y - a wand of polymorph (5)
There is an open door here.
You open the door.
A boulder beetle, a centaur warrior and a slime creature come into view.
The centaur warrior shouts!
You hear a shout!
A death knight comes into view.
It is wielding a +0 great mace and wearing a +1 chain mail of cold resistance.
The boulder beetle curls into a ball and begins rolling!
Found a potion of haste and 24 gold pieces.
There is an open door here.
The slime creature jiggles.
The centaur warrior wields a +0 longbow.
The centaur warrior shoots an arrow.
The arrow hits you!
The centaur warrior shoots an arrow.
The arrow hits you!
The centaur warrior shoots an arrow.
The arrow hits you!!
The centaur warrior shoots an arrow.
The arrow hits you!
The boulder beetle leaps!
The centaur warrior shoots an arrow.
The arrow hits you!
The centaur warrior shoots an arrow.
The arrow hits you!!
* * * LOW HITPOINT WARNING * * *
You feel much better.
You slurp down every last drop of the potion of heal wounds!
The centaur warrior shoots an arrow.
The arrow hits you!!
The centaur warrior shoots an arrow.
The arrow hits you!
As you slowly read the scroll of fear, it crumbles to dust.
You assume a fearsome visage.
The death knight looks frightened!
The centaur warrior resists with some effort.
The slime creature looks frightened!
The centaur warrior shoots an arrow.
The arrow hits you!
The centaur warrior shoots an arrow.
The arrow barely misses you.
The centaur warrior shoots an arrow.
The arrow hits you!!
* * * LOW HITPOINT WARNING * * *
The centaur warrior shoots an arrow.
The arrow hits you!!
You die...

#..#. #..## #..# #..#
####################..#
......................#
......................#
......<......##########
.......@.....#
............J#
.............#
.............###########
.............c..........
########################


You could see a slime creature (fleeing) and a centaur warrior.

Vanquished Creatures
  Snorg (D:10)
  An ettin (D:10)
  2 vault guards (Bailey)
  A hydra (D:10)
  2 centaur warriors (D:10)
  A death knight (D:10)
  Amaemon (D:10)
  An orc knight (D:10)
  An ugly thing (D:10)
  An orange demon (D:10)
  An unseen horror (D:10)
  A kobold demonologist (D:10)
  A troll (D:10)
  Grinder (D:3)
  Prince Ribbit (Bailey)
  2 hornets
  3 shadows (D:10)
  2 wraiths
  22 yaks
  A basilisk (D:10)
  5 humans (Bailey)
  4 steam dragons
  A vampire mosquito (D:10)
  3 acid dragons
  An orc warrior (D:9)
  An ice beast (D:7)
  4 sky beasts
  An ogre (D:5)
  2 boggarts (D:10)
  5 centaurs
  2 phantoms
  5 kobold brigands
  An elf zombie (Ossuary)
  16 bullfrogs
  A gnoll sergeant (D:10)
  3 scorpions
  17 wights
  6 killer bees (D:10)
  An electric eel (D:9)
  4 hounds
  2 jellies
  2 gnoll boudas
  9 orc priests
  An iguana (D:4)
  9 orc wizards
  2 mummies (Ossuary)
  21 gnolls
  4 adders
  A shadow imp (D:5)
  A white imp (D:6)
  An ufetubus (D:6)
  2 worms (D:3)
  3 dart slugs
  38 orcs
  14 bats
  3 endoplasms
  4 giant cockroaches
  A gnoll zombie (Ossuary)
  11 hobgoblins
  8 jackals
  60 kobolds
  5 quokkas
  12 ball pythons
  A frilled lizard (D:3)
  21 goblins
  6 goblin zombies (Ossuary)
  5 hobgoblin zombies (Ossuary)
  An orc zombie (Ossuary)
  6 rats
384 creatures vanquished.

Vanquished Creatures (others)
  An orc (D:7)
1 creature vanquished.

Grand Total: 385 creatures vanquished

Notes
Turn   | Place    | Note
-------+----------+-------------------------------------------
     0 | D:1      | Monkooky the Armataur Monk began the quest for the Orb.
     0 | D:1      | Reached XP level 1. HP: 19/19 MP: 1/1
    87 | D:1      | Reached XP level 2. HP: 26/26 MP: 2/2
   383 | D:1      | Found Koomno's Book Boutique.
   753 | D:2      | Found an iron altar of Okawaru.
   762 | D:2      | Became a worshipper of Warmaster Okawaru
   762 | D:2      | Reached * piety under Okawaru
   762 | D:2      | Reached ** piety under Okawaru
  1066 | D:2      | Reached XP level 3. HP: 32/32 MP: 3/3
  1184 | D:2      | Found a faded altar of an unknown god.
  1576 | D:2      | Reached skill level 1 in Throwing
  1576 | D:2      | Reached XP level 4. HP: 35/40 MP: 4/4
  1622 | D:3      | Found a hide-covered altar of Uskayaw.
  1624 | D:3      | Noticed Grinder
  1653 | D:3      | Paralysed by Grinder for 5 turns
  1661 | D:3      | Killed Grinder
  1661 | D:3      | Reached *** piety under Okawaru
  1662 | D:3      | Reached XP level 5. HP: 22/48 MP: 5/5
  1662 | D:3      | Reached XP level 6. HP: 25/54 MP: 6/6
  1782 | D:3      | Noticed a steam dragon
  1789 | D:3      | Killed a steam dragon
  1790 | D:3      | Reached skill level 5 in Throwing
  1983 | D:3      | Identified the +0 robe of Modesty {Str+2 Int+3}
  2034 | D:3      | Found a shimmering blue altar of Sif Muna.
  2034 | D:3      | Found a glowing golden altar of the Shining One.
  2769 | D:4      | Reached XP level 7. HP: 54/60 MP: 7/7
  3351 | D:4      | Reached skill level 1 in Unarmed Combat
  3443 | D:4      | Reached skill level 2 in Unarmed Combat
  3680 | D:4      | Reached skill level 3 in Unarmed Combat
  3763 | D:4      | Reached **** piety under Okawaru
  3764 | D:4      | Reached skill level 4 in Unarmed Combat
  4097 | D:4      | Reached XP level 8. HP: 58/70 MP: 8/8
  4306 | D:5      | Entered Level 5 of the Dungeon
  4403 | D:5      | Reached skill level 5 in Unarmed Combat
  5089 | D:5      | Reached skill level 6 in Unarmed Combat
  5274 | D:5      | Found a stormy altar of Qazlal.
  5878 | D:6      | Reached skill level 7 in Unarmed Combat
  6140 | D:6      | Reached skill level 8 in Unarmed Combat
  6140 | D:6      | Reached XP level 9. HP: 73/75 MP: 9/9
  6254 | D:6      | Found a snail-covered altar of Cheibriados.
  6620 | D:7      | Received a gift from Okawaru
  6833 | D:7      | Reached skill level 9 in Unarmed Combat
  6961 | D:7      | Reached skill level 1 in Invocations
  6979 | D:7      | Found a staircase to the Ecumenical Temple.
  7094 | D:7      | Reached ***** piety under Okawaru
  7436 | D:7      | Paralysed by a hornet for 3 turns
  7645 | D:7      | Received a gift from Okawaru
  8008 | D:7      | Reached skill level 5 in Invocations
  8589 | D:8      | Found a sand-covered staircase.
  8616 | D:8      | Reached XP level 10. HP: 44/83 MP: 14/14
  8634 | D:8      | Identified a scroll of acquirement
  8635 | D:8      | Acquired the ring "Deitel" {rElec rPois rF+ Str+5 Dex-2}
  8742 | Ossuary  | Entered an ossuary
  9087 | D:8      | Found a burning altar of Makhleb.
  9093 | D:8      | Learned a level 2 spell: Passwall
  9096 | D:8      | Found a glowing silver altar of Zin.
  9097 | D:8      | Noticed a cacodemon
  9097 | D:8      | Noticed an angel
  9145 | D:8      | Found a radiant altar of Vehumet.
  9146 | D:8      | Found a shadowy altar of Dithmenos.
  9259 | D:9      | Found Noasust's Antique Armour Shoppe.
  9366 | D:9      | Got Sif Muna's Writings on Position and Bolts
  9487 | D:9      | Found a flagged portal.
  9521 | Bailey   | Entered a bailey
  9528 | Bailey   | Received a gift from Okawaru
  9635 | Bailey   | Reached skill level 10 in Unarmed Combat
  9890 | Bailey   | Noticed Prince Ribbit
  9890 | Bailey   | Noticed a vault guard
  9896 | Bailey   | Killed Prince Ribbit
  9929 | Bailey   | Killed a vault guard
  9929 | Bailey   | Received a gift from Okawaru
  9930 | Bailey   | Reached skill level 11 in Unarmed Combat
 10012 | Bailey   | Noticed a vault guard
 10053 | Bailey   | Killed a vault guard
 10382 | D:9      | Reached XP level 11. HP: 74/88 MP: 16/16
 10588 | D:9      | Reached skill level 12 in Unarmed Combat
 10662 | D:9      | Found a broken altar of Ashenzari.
 11633 | D:10     | Entered Level 10 of the Dungeon
 11873 | D:9      | Reached skill level 13 in Unarmed Combat
 12081 | D:9      | Reached skill level 1 in Armour
 12432 | D:10     | Noticed an orc knight
 12432 | D:10     | Noticed an ettin
 12432 | D:10     | Noticed an eight-headed hydra
 12439 | D:10     | Killed an eight-headed hydra
 12449 | D:10     | Killed an ettin
 12450 | D:10     | Reached skill level 5 in Armour
 12458 | D:10     | Killed an orc knight
 12459 | D:10     | Reached skill level 5 in Fighting
 12578 | D:10     | Received a gift from Okawaru
 12659 | D:10     | Noticed a purple ugly thing
 12679 | D:10     | Killed a purple ugly thing
 12679 | D:10     | Reached ****** piety under Okawaru
 12744 | D:10     | Reached skill level 1 in Evocations
 12773 | D:10     | Found a staircase to the Orcish Mines.
 12893 | D:10     | Noticed Amaemon
 12904 | D:10     | Killed Amaemon
 12904 | D:10     | Received a gift from Okawaru
 12906 | D:10     | Reached XP level 12. HP: 98/100 MP: 17/17
 12968 | D:10     | Noticed a centaur warrior
 12980 | D:10     | Killed a centaur warrior
 12980 | D:10     | Received a gift from Okawaru
 12981 | D:10     | Reached skill level 5 in Evocations
 13040 | D:10     | Noticed Snorg
 13057 | D:10     | Killed Snorg
 13270 | D:10     | Found an opulent altar of Gozag.
 13414 | D:10     | Noticed a centaur warrior
 13416 | D:10     | Noticed a death knight
 13433 | D:10     | Killed a centaur warrior
 13444 | D:10     | Killed a death knight
 13674 | D:10     | Noticed a boulder beetle
 13674 | D:10     | Noticed a centaur warrior
 13674 | D:10     | Noticed a death knight
 13707 | D:10     | Shot with an arrow by a centaur warrior

Illustrated notes

Levels and vault maps discovered:
D:1:      lemuel_arrival_rhombus, layout_basic, serial_shops, shop,
          st_stairs_13, chequers_decorated_corner
D:2:      minmay_chambers_of_twos, layout_loops_ring,
          chequers_ecumenical_altar_grove, basic_altar
D:3:      layout_basic, gammafunk_temple_overflow_forgotten, fountainhead,
          uniq_grinder
D:4:      minmay_goblin_kobold_castle, layout_loops_ring, minmay_pentomino_pile
D:5:      layout_layer_cave, nicolae_qazlal_eye_of_the_storm
D:6:      layout_basic, mainiacjoe_overflow_chevrons, serial_demonic,
          serial_demonic_c, serial_demonic_f, serial_demonic_c, serial_demonic_a
D:7:      layout_layer_cave, minmay_temple_entry_sparse_star, roderic_batcave
D:8:      layout_rooms, grunt_temple_overflow_order_and_chaos_2,
          mainiacjoe_overflow_divided_tiny, enter_ossuary_1
D:9:      nicolae_BIG_FREAKIN_CUBE, layout_basic, lemuel_crystal_altar,
          serial_shops, shop, enter_bailey_3, minivault_22, kennysheep_diamond
D:10:     layout_long_grid, nicolae_gozag_cash_rules_everything_around_me,
          erik_orc_3, nicolae_rejected_hall, uniq_amaemon, uniq_snorg

Skill      XL: |  1  2  3  4  5  6  7  8  9 10 11 12 |
---------------+-------------------------------------+-----
Maces & Flails | 3 |  3.9
Fighting       | 3 4 5 |  5.5
Throwing       | 1 4 5 |  5.5
Unarmed Combat | 4 8 9 11 13 | 13.0
Invocations    | 6 7 |  7.5
Armour         | 7 |  7.0
Evocations     | 3 7 |  7.3
Dodging        | |  2.3

Action                     |  1- 3 |  4- 6 |  7- 9 | 10-12 || total
---------------------------+-------+-------+-------+-------++-------
  Melee: Mace              |    77 |    51 |       |       ||   128
         Tailslap          |     6 |    13 |    95 |   115 ||   229
         Flail             |       |    37 |   232 |       ||   269
         Unarmed           |       |       |   270 |   463 ||   733
  Throw: Dart              |       |     1 |     7 |    37 ||    45
         Javelin           |       |       |       |     5 ||     5
         Throwing net      |       |       |       |     1 ||     1
 Invoke: Heroism           |       |     2 |     2 |     3 ||     7
         Finesse           |       |       |       |     2 ||     2
  Evoke: Wand              |       |       |     1 |     6 ||     7
         Condenser vane    |       |       |       |     2 ||     2
    Use: Potion            |       |     1 |     2 |     4 ||     7
         Scroll            |       |     1 |       |    15 ||    16
   Stab: Held in net/web   |       |       |       |     1 ||     1
 Armour: Robe              |    33 |    24 |   227 |   170 ||   454
         Acid dragon scale |       |       |       |    11 ||    11
  Dodge: Dodged            |    51 |    45 |   279 |   225 ||   600
